 Dungeon Crawl Stone Soup version 0.31-a0-672-g7da72447bb (webtiles) character file.

Game seed: 14880752764837365902

1778 gruber the Destroyer (level 9, -15/51 HPs)
             Began as an Octopode Conjurer on Sept 4, 2023.
             Was an Initiate of Vehumet.
             Demolished by a manticore (22 damage)
             ... on level 6 of the Dungeon.
             The game lasted 00:05:44 (5784 turns).

gruber the Destroyer (Octopode Conjurer)            Turns: 5784, Time: 00:05:44

Health: -15/51     AC:  1    Str:  6    XL:     9   Next: 8%
Magic:  1/15       EV: 13    Int: 25    God:    Vehumet [......]
Gold:   260        SH:  0    Dex: 10    Spells: 9/16 levels left

rFire   x . .        r - +10 spear of the Neverending Tables {flame, rF- rC++}
rCold   + + .        (no shield)
rNeg    . . .        (helmet restricted)
rPois   .            (no amulet)
rElec   .            p - ring of resist corrosion
rCorr   +            (no ring)
SInv    .            (no ring)
Will    .....        (no ring)
Stlth   +++          (no ring)
HPRegen 0.28/turn    (no ring)
MPRegen 0.14/turn    (no ring)
                     (no ring)

%: no passive effects
@: no status effects
A: almost no armour, amphibious, 8 rings, camouflage 1, gelatinous body 1,
(nimble swimmer 1), tentacles
a: Renounce Religion


You were on level 6 of the Dungeon.
You worshipped Vehumet.
Vehumet was noncommittal.
You visited 2 branches of the dungeon, and saw 7 of its levels.

You collected 260 gold pieces.

Inventory:

Hand Weapons
 q - a +2 dagger of speed
 r - the +10 spear of the Neverending Tables (weapon) {flame, rF- rC++}
   (You found it on level 4 of the Dungeon)

   rF-:       It makes you vulnerable to fire.
   rC++:      It greatly protects you from cold.
Missiles
 d - 8 poisoned darts
Magical Staves
 i - a staff of poison
Jewellery
 p - a ring of resist corrosion (left tentacle)
Wands
 j - a wand of charming (4)
Scrolls
 b - a scroll of revelation {unknown}
 c - 2 scrolls of fog {unknown}
 e - a scroll of fear {unknown}
 f - 3 scrolls of teleportation {unknown}
 g - 4 scrolls of identify {unknown}
 k - a scroll of enchant weapon {unknown}
 m - a scroll of immolation {unknown}
 s - a scroll of noise {unknown}
 w - a scroll of butterflies {unknown}
 x - a scroll of amnesia {unknown}
Potions
 a - 2 potions of magic
 h - 3 potions of curing {unknown}
 l - 2 potions of might {unknown}
 n - 3 potions of brilliance {unknown}
 o - a potion of cancellation {unknown}
 t - 2 potions of lignification {unknown}
 u - a potion of ambrosia {unknown}
 v - a potion of enlightenment {unknown}


   Skills:
 - Level 2.0 Dodging
 - Level 2.6 Stealth
 - Level 4.2 Spellcasting
 + Level 11.3 Conjurations


You had 9 spell levels left.
You knew the following spells:

 Your Spells              Type           Power      Damage    Failure   Level
a - Magic Dart            Conj           100%       1d8       1%          1
b - Searing Ray           Conj           100%       2d8       1%          2
c - Iskenderun's Mystic   Conj/Tloc      33%        2d8       9%          4

Your spell library contained the following spells:

 Spells                   Type           Power      Damage    Failure   Level
 Dazzling Flash           Conj/Hex       66%        N/A       2%          3
 Fulminant Prism          Conj/Hex       16%        3d10      9%          4
 Gell's Gravitas          Tloc           5%         N/A       26%         3
 Teleport Other           Tloc           5%         N/A       26%         3
 Dispersal                Tloc           2%         N/A       100%        6


Dungeon Overview and Level Annotations

Branches:
Dungeon (6/15)             Temple (1/1) D:5

Altars:
Ashenzari
Cheibriados
Dithmenos
Gozag
Hepliaklqana
Kikubaaqudgha
Makhleb
Nemelex Xobeh
Okawaru
Qazlal
Sif Muna
Trog
Vehumet
Wu Jian
Xom
Yredelemnul
Zin
The Shining One

Shops:
D:1 (   D:2 :(

Annotations:
D:6 3 runed translucent doors
Temple 2 transporters


Innate Abilities, Weirdness & Mutations

You cannot wear most types of armour.
You are amphibious.
You can wear up to eight rings at the same time.
Your skin changes colour to match your surroundings (Stealth+).
Your rubbery body absorbs attacks. (AC +1, EV +1)
((You are camouflaged when in or above water. (Stealth+)))
You have tentacles for arms and can constrict up to eight enemies at once.


Message History

Your Conjurations skill increases to level 11!
Unknown command.
The searing ray hits the yak!
The yak is severely wounded.
The searing ray hits the manticore!
The manticore is heavily wounded.
You finish channelling your searing ray.
The yak gores you!
Unknown command.
Unknown command.
Unknown command.
Casting: Searing Ray (safe; 1% risk of failure)
Confirm with . or Enter, or press ? or * to list all spells.
Aiming: Searing Ray (safe; 1% risk of failure)
Press: ? - help, Shift-Dir - straight line, f - yak
Aim: a yak (severely wounded, 90% to hit)
The searing ray hits the yak.
The yak is almost dead.
The searing ray hits the manticore.
The manticore is severely wounded. (Press . to maintain the ray.)
The yak gores you!
* * * LOW HITPOINT WARNING * * *
Unknown command.
The searing ray hits the yak!
You kill the yak!
Vehumet accepts your kill.
The searing ray hits the manticore.
The manticore is severely wounded.
You have reached level 9!
Your experience leads to an increase in your attributes!
Increase (S)trength, (I)ntelligence, or (D)exterity?
Uppercase letters only, please.
You feel clever. x2
The searing ray hits the manticore but does no damage.
The manticore is severely wounded.
The searing ray hits the black bear!
The black bear is almost dead.
The manticore bites you!!
You die...

†###.###..#†#..#.#
.....# #.##.##.#.#
###..##..#...#...#
#..#..#######..##
##.... #...#
#....+ #...#
##..#########..#
#.# ......#..# .#
.....hH@.# .#
......#..# #####
#.## ..# .## #. ..
.#


You could see a manticore and a black bear.

Vanquished Creatures
  Pikel (D:4)
  A yak (D:6)
  3 ice beasts
  A black bear (D:6)
  An ogre (D:5)
  A phantom (D:5)
  A lemure (D:4)
  A bullfrog (D:6)
  A gnoll sergeant (D:6)
  A scorpion (D:4)
  2 jellies
  3 hounds
  4 iguanas
  A gnoll (D:5)
  13 adders
  3 shadow imps
  A white imp (D:6)
  A worm (D:5)
  2 dart slugs
  16 orcs
  7 ball pythons
  5 endoplasms
  3 giant cockroaches
  5 hobgoblins
  7 jackals
  3 quokkas
  4 bats
  5 frilled lizards
  4 goblins
  6 kobolds
  7 rats
  A spectral hobgoblin (D:2)
115 creatures vanquished.

Notes
Turn   | Place    | Note
-------+----------+-------------------------------------------
     0 | D:1      | gruber the Octopode Conjurer began the quest for the Orb.
     0 | D:1      | Reached XP level 1. HP: 11/11 MP: 3/3
   156 | D:1      | Reached XP level 2. HP: 11/17 MP: 5/5
   343 | D:1      | Found Raennum's Antique Weapon Shop.
   865 | D:2      | Learned a level 2 spell: Searing Ray
   870 | D:2      | Reached XP level 3. HP: 21/21 MP: 1/6
  1003 | D:2      | Found a faded altar of an unknown god.
  1033 | D:2      | Reached skill level 5 in Conjurations
  1402 | D:2      | Found Vaoq's Book Shop.
  1472 | D:2      | Found Diygaofo's Weapon Shop.
  1527 | D:2      | Reached XP level 4. HP: 24/27 MP: 3/7
  1725 | D:3      | Found a shadowy altar of Dithmenos.
  2421 | D:3      | Reached skill level 6 in Conjurations
  2421 | D:3      | Reached XP level 5. HP: 31/31 MP: 0/9
  2734 | D:4      | Identified the +10 spear of the Neverending Tables {flame,
                  | rF- rC++}
  2743 | D:4      | Noticed a lemure
  2744 | D:4      | Noticed a lemure
  2926 | D:4      | Noticed Pikel
  2943 | D:4      | Killed a lemure
  3009 | D:4      | Noticed a lemure
  3010 | D:4      | Noticed a lemure
  3087 | D:4      | Found a glowing silver altar of Zin.
  3088 | D:4      | Found a burning altar of Makhleb.
  3088 | D:4      | Found a hazy altar of Hepliaklqana.
  3094 | D:4      | Learned a level 4 spell: Iskenderun's Mystic Blast
  3094 | D:4      | Found a stormy altar of Qazlal.
  3094 | D:4      | Found a basalt altar of Yredelemnul.
  3112 | D:4      | Found an ornate altar of the Wu Jian Council.
  3425 | D:4      | Killed Pikel
  3426 | D:4      | Reached skill level 7 in Conjurations
  3426 | D:4      | Reached XP level 6. HP: 20/36 MP: 1/11
  3426 | D:4      | Reached XP level 7. HP: 22/41 MP: 1/12
  3924 | D:4      | Reached skill level 8 in Conjurations
  4016 | D:5      | Entered Level 5 of the Dungeon
  4342 | D:5      | Reached XP level 8. HP: 46/46 MP: 6/14
  4437 | D:5      | Reached skill level 9 in Conjurations
  5237 | D:5      | Found a staircase to the Ecumenical Temple.
  5352 | Temple   | Found a transporter.
  5352 | Temple   | Found a transporter.
  5352 | Temple   | Found a transporter.
  5352 | Temple   | Found a transporter.
  5352 | Temple   | Entered the Ecumenical Temple
  5367 | Temple   | Became a worshipper of Vehumet
  5411 | D:6      | Noticed a spectral unseen horror
  5411 | D:6      | Found a runed translucent gate.
  5411 | D:6      | Found a runed translucent gate.
  5411 | D:6      | Found a runed translucent gate.
  5419 | D:6      | Reached skill level 10 in Conjurations
  5773 | D:6      | Noticed a manticore
  5773 | D:6      | Noticed a yak
  5781 | D:6      | Reached skill level 11 in Conjurations
  5783 | D:6      | Killed a yak
  5784 | D:6      | Reached XP level 9. HP: 7/51 MP: 2/15
  5784 | D:6      | Demolished by a manticore

Illustrated notes

Levels and vault maps discovered:
D:1:      minmay_arrival_four_loops, layout_loops_ring, serial_shops, shop
D:2:      layout_basic, serial_shops, nicolae_shop_scrapyard,
          nicolae_shop_real_fake_doors,
          dreamdust_ecumenical_altar_drowned_temple
D:3:      minmay_skewed_foursquare, layout_basic, general_overflow_altar
D:4:      cheibrodos_barr_body, layout_rooms, grunt_temple_overflow_open,
          nzn_wu_jian_contemplation, uniq_pikel
D:5:      layout_gridville, temple_green, st_stairs_9,
          chequers_serial_rivers_micro_a, grunt_ministairs_6,
          cheibrodos_gnoll_hut
D:6:      layout_rooms, gammafunk_ghost_necromancy, minmay_divided_ellipse,
          uniq_sigmund
Temple:   hellmonk_temple_divided_pantheon

Skill      XL: |  1  2  3  4  5  6  7  8 |
---------------+-------------------------+-----
Conjurations   | 5 6 7 8 11 | 11.3
Spellcasting   | 3 4 |  4.2
Dodging        | |  2.0
Stealth        | |  2.6

Action                     |  1- 3 |  4- 6 |  7- 9 || total
---------------------------+-------+-------+-------++-------
  Melee: Unarmed           |    32 |       |       ||    32
         Constrict         |    13 |     2 |     2 ||    17
         Tentacles         |    10 |     3 |     2 ||    15
         Staff             |    22 |     4 |       ||    26
         Punch             |     1 |       |       ||     1
         Spear             |       |     5 |     6 ||    11
   Cast: Magic Dart        |    37 |    43 |    56 ||   136
         Searing Ray       |     2 |     6 |    23 ||    31
         Iskenderun's Myst |       |       |     1 ||     1
   Stab: Sleeping          |     4 |       |       ||     4
 Armour: Skin              |    21 |     4 |    19 ||    44
  Dodge: Dodged            |    39 |     9 |    12 ||    60

Table legend: (Time is in decaauts)
 A = Elapsed time spent in this place.
 B = Non-inter-level travel time spent in this place.
 C = Inter-level travel time spent in this place.
 D = Time resting spent in this place.
 E = Time spent auto-exploring this place.
 F = Levels seen in this place.
 G = Mean time per level.
                   A        B        C        D        E       F      G
               +--------+--------+--------+--------+--------+-----+--------+
         Total |   5787 |   5561 |    226 |    263 |   4624 |   7 |  826.7 |
       Dungeon |   5754 |   5538 |    216 |    263 |   4624 |   6 |  959.0 |
        Temple |     32 |     23 |      9 |      0 |      0 |   1 |   32.0 |
               +--------+--------+--------+--------+--------+-----+--------+

Top non-repeatable levels by time:
     D:5: 1362 daAuts
     D:4: 1286 daAuts
     D:3: 1004 daAuts
     D:2: 934 daAuts
     D:1: 794 daAuts
     D:6: 372 daAuts
  Temple: 32 daAuts
